cohdb
Replays
Latest Replays
All Replays
Popular Replays
Top Player Replays
Match Explorer
How It Works
Community
CoH3 Stats
Reddit
Sign in to upload your games and track your stats! →
Sign in with Steam
Match 43002719
Unlisted
Match 43002719
Overview
Messages
Build Orders
End
Kradschützen Motorcycle Team
Panzergrenadier Squad
Selects Italian Infantry
250 Light Carrier
Construct Light Support Kompanie
Assault Grenadier Squad
Fire Support Elements
Selects Guastatori Squad
Guastatori Squad
Panzerjäger Mechanized Group
Flakvierling Half-track
Vehicle Survival Package
Veteran Squad Leaders
2.5-tonne Medical Truck
Selects Registered Artillery
Selects Towed Cannone da 105/28 Field Howitzer
Construct Panzerarmee Kommand
Panzer III L Medium Tank
Selects Defensive Operations
Emergency Repair Kits
Panzer III L Medium Tank
Selects Prepared Positions
Walking Stuka Rocket Launcher
Tungsten Core Ammunition
Selects Obice 305mm Barrage
Panzer III L Medium Tank
Guastatori Squad
Pak 38 Mechanized Group
Grongolock
Taiwan-wiwi1124
0
0
Comments
sign in to comment!
No comments posted yet!